 Dungeon Crawl Stone Soup version 0.23-a0-46-g8441a8a (webtiles) character file.

2371 GroovyGamera the Ruffian (level 9, 0/92 HPs)
             Began as a Troll Monk on Aug 5, 2018.
             Was an Elder of Trog.
             Slain by a wyvern (10 damage)
             ... on level 6 of the Dungeon.
             The game lasted 00:11:46 (4127 turns).

GroovyGamera the Ruffian (Troll Monk)               Turns: 4127, Time: 00:11:46

Health: 0/92       AC:  6    Str: 26    XL:     9   Next: 21%
Magic:  8/8        EV: 13    Int:  6    God:    Trog [****..]
Gold:   163        SH:  0    Dex: 15    Spells: 8/8 levels left

rFire    . . .     SeeInvis .     - Unarmed
rCold    . . .     Gourm    +   (no shield)
rNeg     . . .     Faith    .   s - +1 animal skin
rPois    .         Spirit   .   (helmet restricted)
rElec    .         Reflect  .   (no cloak)
rCorr    .         Harm     .   (gloves unavailable)
MR       ++...                  (boots unavailable)
Stlth    ++........             (no amulet)
HPRegen  1.65/turn              p - +5 ring of strength
MPRegen  0.11/turn              (no ring)

@: regenerating
A: large, unfitting armour, claws 3, fast metabolism 3, gourmand, regeneration
1, shaggy fur 1, tough skin 2
a: Berserk, Trog's Hand, Brothers in Arms, Renounce Religion


You were on level 6 of the Dungeon.
You worshipped Trog.
Trog was greatly pleased with you.
You were completely stuffed.

You visited 1 branch of the dungeon, and saw 6 of its levels.

You collected 163 gold pieces.

Inventory:

Missiles
 l - 40 bolts
Armour
 s - a +1 animal skin (worn)
Jewellery
 p - a +5 ring of strength (left claw)
Wands
 n - a wand of polymorph (6)
 v - a wand of iceblast (9)
Scrolls
 d - a scroll of fog {unknown}
 e - a scroll of teleportation
 f - 2 scrolls of magic mapping
 i - 2 scrolls of identify
 j - a scroll of blinking {unknown}
 m - a scroll of fear {unknown}
 q - a scroll of immolation {unknown}
 u - a scroll of amnesia {unknown}
Potions
 a - a potion of ambrosia
 c - a potion of cancellation
 g - a potion of curing {unknown}
 h - 2 potions of resistance
 k - a potion of lignification
 o - a potion of berserk rage
 w - 2 potions of brilliance
 x - a potion of agility
Comestibles
 b - 10 rations
 t - 3 chunks of flesh


   Skills:
 + Level 6.5 Fighting
 + Level 6.4 Dodging
 - Level 1.0 Stealth
 + Level 7.7 Unarmed Combat


You had 8 spell levels left.
You didn't know any spells.
Your spell library was empty.

Dungeon Overview and Level Annotations

Branches:
Dungeon (6/15)
 Temple: D:4-7

Altars:
Dithmenos
Elyvilon
Fedhas
Hepliaklqana
Okawaru
Ru
Sif Muna
Trog
Wu Jian
Yredelemnul


Innate Abilities, Weirdness & Mutations

You are too large for most types of armour.
You have claws for hands.
Your metabolism is lightning-fast.
You like to eat raw meat.
Your natural rate of healing is unusually fast.
You are covered in fur. (AC +1)
You have very tough skin. (AC +2)


Message History

Your skin crawls.
You feel resistant to hostile enchantments.
You feel somewhat less full. The wyvern bites you!
The crimson imp throws a stone.
The stone barely misses you. The quokka closely misses you.
The wyvern bites you!
* * * LOW HITPOINT WARNING * * *
You scratch the wyvern.
The wyvern is lightly wounded.
The quokka barely misses you.
The wyvern bites you but does no damage.
The crimson imp throws a stone.
The stone hits you but does no damage.
You scratch the wyvern.
The wyvern is moderately wounded.
The wyvern bites you!
* * * LOW HITPOINT WARNING * * *
The quokka bites you but does no damage.
You closely miss the wyvern.
The wyvern is moderately wounded.
The wyvern bites you!
You die...

.#....... ## . ....._..
.# .. #...... .# ...
#.... ##.# .... #...
#..#
.....##.###.############
....>..r(...............
.......@(...............
......5.l########...##..
........... .. #.......
................#.......
................#.......
.........#######........
.........# #........
.........#### #........
#.... #........


You could see a wyvern, a crimson imp and a quokka.

Vanquished Creatures
  Sigmund (D:2)
  Menkaure (D:6)
  2 steam dragons (D:5)
  Edmund (D:4)
  Duvessa (D:4)
  An ice beast (D:4)
  An orc warrior (D:6)
  2 phantoms (D:4)
  An ogre (D:5)
  3 centaurs (D:5)
  A bullfrog (D:6)
  A scorpion (D:4)
  Dowan (D:4)
  A howler monkey (D:5)
  A centaur zombie (D:6)
  A crimson imp (D:5)
  A bullfrog zombie (D:5)
  2 hounds
  A bullfrog skeleton (D:6)
  Ijyb (D:4)
  2 iguanas
  2 orc wizards
  3 worker ants
  A killer bee zombie (D:6)
  2 hound skeletons (D:6)
  A worker ant zombie (D:6)
  Robin (D:4)
  8 gnolls
  7 adders
  3 shadow imps (D:5)
  3 worms (D:3)
  2 dart slugs
  4 leopard geckos
  11 orcs
  3 ball pythons
  3 giant cockroaches
  9 goblins
  12 hobgoblins
  8 jackals
  3 quokkas
  7 bats
  7 frilled lizards
  A jackal skeleton (D:5)
  8 kobolds
  2 quokka skeletons
  15 rats
153 creatures vanquished.

Vanquished Creatures (others)
  A fungus (D:5)
1 creature vanquished.

Grand Total: 154 creatures vanquished

Notes
Turn   | Place    | Note
-------+----------+-------------------------------------------
     0 | D:1      | GroovyGamera the Troll Monk began the quest for the Orb.
     0 | D:1      | Reached XP level 1. HP: 22/22 MP: 0/0
   213 | D:1      | Reached XP level 2. HP: 29/29 MP: 1/1
   345 | D:1      | Reached XP level 3. HP: 16/36 MP: 2/2
   596 | D:2      | Found a shadowy altar of Dithmenos.
   611 | D:2      | Found a hazy altar of Hepliaklqana.
   788 | D:2      | Reached XP level 4. HP: 34/45 MP: 3/3
   987 | D:2      | Noticed Sigmund
  1058 | D:2      | Killed Sigmund
  1058 | D:2      | Reached skill level 4 in Unarmed Combat
  1058 | D:2      | Reached XP level 5. HP: 34/54 MP: 4/4
  1311 | D:3      | Found a deep blue altar of Sif Muna.
  1370 | D:3      | Reached XP level 6. HP: 60/62 MP: 5/5
  1452 | D:3      | Noticed a moth of wrath
  1454 | D:3      | Found a bloodstained altar of Trog.
  1476 | D:3      | Became a worshipper of Trog the Wrathful
  1476 | D:3      | Reached * piety under Trog
  1476 | D:3      | Reached ** piety under Trog
  1524 | D:3      | Found a sacrificial altar of Ru.
  1612 | D:3      | Found a faded altar of an unknown god.
  1758 | D:3      | Found an iron altar of Okawaru.
  2268 | D:4      | Noticed Edmund
  2274 | D:4      | Killed Edmund
  2274 | D:4      | Reached skill level 5 in Unarmed Combat
  2274 | D:4      | Reached XP level 7. HP: 62/70 MP: 6/6
  2321 | D:4      | Noticed Duvessa
  2322 | D:4      | Noticed Dowan
  2331 | D:4      | Killed Dowan
  2336 | D:4      | Killed Duvessa
  2439 | D:4      | Found a blossoming altar of Fedhas.
  2785 | D:4      | Noticed Robin
  2792 | D:4      | Killed Robin
  2808 | D:4      | Reached skill level 6 in Unarmed Combat
  2827 | D:4      | Reached skill level 5 in Fighting
  2827 | D:4      | Reached skill level 5 in Dodging
  2827 | D:4      | Reached XP level 8. HP: 65/80 MP: 7/7
  3039 | D:4      | Reached *** piety under Trog
  3067 | D:5      | Entered Level 5 of the Dungeon
  3178 | D:5      | Noticed Ijyb
  3234 | D:4      | Killed Ijyb
  3421 | D:5      | Reached skill level 7 in Unarmed Combat
  3620 | D:5      | Found a white marble altar of Elyvilon.
  3676 | D:5      | Found a basalt altar of Yredelemnul.
  3906 | D:6      | Reached XP level 9. HP: 87/89 MP: 8/8
  3995 | D:6      | Reached **** piety under Trog
  4110 | D:6      | Noticed Menkaure
  4116 | D:6      | Found an ornate altar of the Wu Jian Council.
  4120 | D:6      | Killed Menkaure
  4127 | D:6      | Slain by a wyvern

Vault maps used:
D:1:      scummos_arrival_forest
D:2:      overflow_temple_1_default, grunt_dithmenos_smoke, uniq_sigmund
D:3:      marbit_many_paths, okawaru_metal_pillars_1_2,
          overflow_temple_1_default, chequers_ecumenical_altar_simple_redux,
          first_ration, minmay_door_square, minmay_misc_feat_diagonals, tgw_trog
D:4:      kennysheep_mini, uniq_edmund, uniq_duvessa, uniq_robin
D:5:      kennysheep_steamy, kennysheep_ying_yang, uniq_ijyb
D:6:      dancing_weapons_uskayaw, lemuel_round_altar, uniq_menkaure

Skill      XL: |  1  2  3  4  5  6  7  8 |
---------------+-------------------------+-----
Fighting       | 3 4 5 6 |  6.5
Dodging        | 3 4 5 6 |  6.4
Unarmed Combat | 4 5 6 7 |  7.7
Stealth        | |  1.0

Action                   |  1- 3 |  4- 6 |  7- 9 || total
-------------------------+-------+-------+-------++-------
Melee: Unarmed           |   106 |   116 |   222 ||   444
       Punch             |     2 |     3 |     7 ||    12
Invok: Trog's Hand       |       |       |     2 ||     2
  Use: Scroll            |       |     5 |     5 ||    10
       Potion            |       |       |     2 ||     2
 Stab: Sleeping          |     2 |     2 |     1 ||     5
  Eat: Chunk             |    13 |    13 |    18 ||    44
Armor: Robe              |    54 |    33 |    23 ||   110
       Animal skin       |       |       |    33 ||    33
Dodge: Dodged            |    60 |    70 |   164 ||   294

Table legend:
 A = Spawn XP
 B = Non-spawn XP
 C = Spawn XP percentage of total XP
 D = Spawn monster count
 E = Non-spawn monster count
 F = Spawn count percentage of total count
 G = Total turns spent on level
                    A         B        C        D         E        F      G
               +---------+---------+-------+---------+---------+-------+---------
         Total |       0 |    3388 |   0.0 |       0 |     153 |   0.0 |  4127
               +---------+---------+-------+---------+---------+-------+---------
           D:1 |       0 |      49 |   0.0 |       0 |      34 |   0.0 |   593
           D:2 |       0 |     301 |   0.0 |       0 |      18 |   0.0 |   653
           D:3 |       0 |     117 |   0.0 |       0 |      22 |   0.0 |   816
           D:4 |       0 |    1145 |   0.0 |       0 |      39 |   0.0 |  1150
           D:5 |       0 |    1135 |   0.0 |       0 |      27 |   0.0 |   660
           D:6 |       0 |     641 |   0.0 |       0 |      13 |   0.0 |   255
               +---------+---------+-------+---------+---------+-------+---------
